 Dungeon Crawl Stone Soup version 0.27-a0-1322-gfdffb62a71 (webtiles) character file.

Game seed: 11328099626201210632

47 lunkers the Gusty (level 3, -1/19 HPs)
             Began as a Tengu Air Elementalist on June 22, 2021.
             Killed by divine providence
             ... invoked by an orc priest
              (16 damage)
             ... on level 2 of the Dungeon.
             The game lasted 00:02:10 (1682 turns).

lunkers the Gusty (Tengu Air Elementalist)          Turns: 1682, Time: 00:02:10

Health: -1/19      AC:  2    Str:  8    XL:     3   Next: 70%
Magic:  7/7        EV: 12    Int: 16    God:
Gold:   60         SH:  0    Dex: 14    Spells: 0/6 levels left

rFire    . . .     SeeInvis .   f - staff of conjuration
rCold    . . .     Faith    .   (no shield)
rNeg     . . .     Spirit   .   a - +0 robe
rPois    .         Reflect  .   (helmet restricted)
rElec    .         Harm     .   (no cloak)
rCorr    .         Rampage  .   (no gloves)
Will     .....                  (boots unavailable)
Stlth    ++........             (no amulet)
HPRegen  0.06/turn              (no ring)
MPRegen  0.10/turn              (no ring)

@: no status effects
A: beak, talons 3
a: no special abilities


You were on level 2 of the Dungeon.
You visited 1 branch of the dungeon, and saw 2 of its levels.

You collected 60 gold pieces.

Inventory:

Armour
 a - a +0 robe (worn)
Magical Staves
 f - a staff of conjuration (weapon)
Scrolls
 c - a scroll of identify {unknown}
 e - a scroll of acquirement {unknown}
Potions
 b - a potion of experience {unknown}
 d - a potion of haste {unknown}
 g - a potion of lignification {unknown}


   Skills:
 - Level 2.1 Dodging
 - Level 2.0 Stealth
 + Level 2.4 Spellcasting
 + Level 2.5 Conjurations
 * Level 5.1 Air Magic


You couldn't memorise any spells.
You knew the following spells:

 Your Spells              Type           Power      Damage    Failure   Level
a - Shock                 Conj/Air       84%        1d8       4%          1
b - Static Discharge      Conj/Air       21%        N/A       6%          2
c - Swiftness             Air            18%        N/A       7%          3

Your spell library contained the following spells:

 Spells                   Type           Power      Damage    Failure   Level
 Airstrike                Air            9%         N/A       24%         4
 Lightning Bolt           Conj/Air       10%        1d23      75%         5


Dungeon Overview and Level Annotations

Branches:
Dungeon (2/15)

Altars:


Innate Abilities, Weirdness & Mutations

You have a beak for a mouth.
You have claws for feet.


Message History

The worm is lightly wounded.
You are struck by an arc of lightning.
The worm is struck by an arc of lightning!
The worm is heavily wounded.
The lightning grounds out.
The worm bites you.
Casting: Static Discharge (safe; 6% risk of failure)
Confirm with . or Enter, or press ? or * to list all spells.
You feel a surge of power!
The worm is struck by an arc of lightning!
The worm is almost dead.
You are struck by an arc of lightning.
The worm is struck by an arc of lightning.
You kill the worm!
The lightning grounds out.
* * * LOW MAGIC WARNING * * *
The orc hits you with a +0 mace.
You hit the orc. You claw the orc.
The orc is severely wounded.
The orc hits you with a +0 mace!
* * * LOW HITPOINT WARNING * * *
The orc hits you with a +0 mace.
* * * LOW HITPOINT WARNING * * *
Casting: Static Discharge (safe; 6% risk of failure)
Confirm with . or Enter, or press ? or * to list all spells.
Aiming: Shock (safe; 4% risk of failure)
Press: ? - help, Shift-Dir - straight line You feel a surge of power!
The zap misses the orc.
The zap hits the orc!
You kill the orc!
* * * LOW MAGIC WARNING * * *
You start resting.
Magic restored.
An orc priest comes into view. It is wielding a +0 club.
An orc priest is nearby!
An orc priest is nearby!
An orc priest is nearby!
The orc priest shouts!
You hear a shout! x2
The orc priest mumbles some strange prayers to Beogh against you.
Beogh smites you!
Ouch! That really hurt!
You die...

....###..# #.#..........#
.........###.##. #......#
..........##.##.###.....#
.....†....##.##..#......#
....###...##.###........#
................#.#######
...###(......##.#)# ...
#...<...##.#.######
...###.......#..@......#
#............#..#.#.###.#
######.............##
#.......#...#.#
#.............#..
##......#.....o..
#.#......÷####.
#.[....#.## #
......#....#


You could see an orc priest.

Vanquished Creatures
  A gnoll (D:1)
  A worm (D:2)
  2 dart slugs
  2 orcs (D:2)
  3 ball pythons
  3 bats (D:1)
  An endoplasm (D:1)
  A giant cockroach (D:1)
  4 goblins
  3 hobgoblins (D:1)
  A quokka (D:1)
  2 kobolds (D:1)
  3 rats (D:1)
27 creatures vanquished.

Notes
Turn   | Place    | Note
-------+----------+-------------------------------------------
     0 | D:1      | lunkers the Tengu Air Elementalist began the quest for the
                  | Orb.
     0 | D:1      | Reached XP level 1. HP: 10/10 MP: 4/4
   261 | D:1      | Reached XP level 2. HP: 15/15 MP: 0/6
   793 | D:1      | Learned a level 2 spell: Static Discharge
   825 | D:1      | Reached XP level 3. HP: 10/19 MP: 2/7
  1064 | D:1      | Found a faded altar of an unknown god.
  1307 | D:2      | Learned a level 3 spell: Swiftness
  1363 | D:2      | Reached skill level 5 in Air Magic
  1682 | D:2      | Killed from afar by an orc priest

Illustrated notes

Levels and vault maps discovered:
D:1:      dpeg_arrival_refuge, layout_basic, chequers_ecumenical_altar_simple
D:2:      cheibrodos_pilgrimage, layout_loops_cross

Skill      XL: |  1  2  3 |
---------------+----------+-----
Conjurations   | 2 |  2.5
Air Magic      | 5 |  5.1
Dodging        | |  2.1
Stealth        | |  2.0
Spellcasting   | |  2.4

Action                   || total
-------------------------++-------
Melee: Unarmed           ||     7
       Kick              ||     2
       Peck              ||     1
       Staff             ||     1
 Cast: Shock             ||    60
       Static Discharge  ||     5
Armor: Robe              ||     7
Dodge: Dodged            ||    16

Table legend: (Time is in decaauts)
 A = Elapsed time spent in this place.
 B = Non-inter-level travel time spent in this place.
 C = Inter-level travel time spent in this place.
 D = Time resting spent in this place.
 E = Time spent auto-exploring this place.
 F = Levels seen in this place.
 G = Mean time per level.
                   A        B        C        D        E       F      G
               +--------+--------+--------+--------+--------+-----+--------+
         Total |   1681 |   1661 |     20 |    165 |   1267 |   2 |  840.5 |
       Dungeon |   1681 |   1661 |     20 |    165 |   1267 |   2 |  840.5 |
               +--------+--------+--------+--------+--------+-----+--------+

Top non-repeatable levels by time:
     D:1: 1300 daAuts
     D:2: 381 daAuts
